Cogmind - Beta 14 @@@ ROGUE MODE // 2024.08.16 @ 22:50:22 Player: TheProctologist Result: Self-destructed Performance ------------- Evolutions (1) 500 Regions Visited (4) 800 Robots Destroyed (45) 225 Value Destroyed (815) 815 Prototype IDs (2) 40 Alien Tech Used (0) 0 Bonus (299) 299 TOTAL SCORE: 2679 Bonus ------- High Alert Combat Kills 32 Follower Combat Kills 267 Cogmind --------- Core Integrity 358/400 Matter 300/300 Energy 160/160 System Corruption 0% Temperature Cool (0) Movement Treading (160) Location -9/Mines Parts ------- > --- POWER (1) -------- Light Nuclear Core > --- PROPULSION (2) --- Light Treads Light Treads > --- UTILITY (2) ------ Improved Heat Sink Medium Storage Unit > --- WEAPON (4) ------- Ion Cannon Autogun Rocket Launcher Makeshift Spear > --- INVENTORY (10) --- Light Nuclear Core Light Treads Heat Sink Improved Medium Armor Plating Hacking Suite Improved EM Shotgun Ion Cannon Mini Grenade Launcher Remote Datajack Mining Laser Peak State ------------ > --- POWER ------------ Light Nuclear Core > --- PROPULSION ------- Light Treads Light Treads > --- UTILITY ---------- Improved Heat Sink Medium Storage Unit > --- WEAPON ----------- Ion Cannon Autogun Rocket Launcher Makeshift Spear > --- INVENTORY -------- Light Nuclear Core Light Treads Heat Sink Advanced Weight Redist. System Hardened Light Armor Plating Hacking Suite Improved EM Shotgun Ion Cannon Mini Grenade Launcher Mining Laser [Rating: 22] Favorites ----------- Power Ion Engine Engine Ion Engine Power Core Light Nuclear Core Propulsion Light Treads Treads Light Treads Utility Medium Storage Unit Device Improved Terrain Scanner Storage Medium Storage Unit Protection Hardened Light Armor Plating Weapon Rocket Launcher Energy Gun Medium Laser Energy Cannon Ion Cannon Ballistic Gun Autogun Launcher Rocket Launcher Piercing Weapon Makeshift Spear Build | -11 -10 -10 -9 -9 ------- Run | Yrd Mat Min Mat Min Slots Evolved 2 | . . . 2 . Power . | . . . . . Propulsion . | . . . . . Utility . | . . . . . Weapon 2 | . . . 2 . Parts Attached 32 | 8 5 3 15 1 Power 4 | 1 1 1 . 1 Engine 3 | 1 1 1 . . Core 1 | . . . . 1 Reactor . | . . . . . Propulsion 4 | 2 . . 2 . Treads 4 | 2 . . 2 . Leg . | . . . . . Wheel . | . . . . . Hover . | . . . . . Flight . | . . . . . Utility 5 | 2 1 . 2 . Device 2 | 1 . . 1 . Storage 2 | 1 1 . . . Processor . | . . . . . Hackware . | . . . . . Protection 1 | . . . 1 . Artifact . | . . . . . Weapon 19 | 3 3 2 11 . Energy Gun 5 | 2 1 . 2 . Energy Cannon 2 | . . . 2 . Ballistic Gun 3 | 1 . . 2 . Ballistic Cannon . | . . . . . Launcher 5 | . 2 1 2 . Special Weapon . | . . . . . Impact Weapon . | . . . . . Slashing Weapon . | . . . . . Piercing Weapon 4 | . . 1 3 . Special Melee Weapon . | . . . . . Unidentified Prototypes . | . . . . . Parts Lost 1 | . 1 . . . Power . | . . . . . Propulsion . | . . . . . Utility . | . . . . . Weapon 1 | . 1 . . . Highest Loss Streak 1 | . 1 . . . To Critical Strikes . | . . . . . Average Slot Usage (%) 99 | . 100 100 99 100 Engine 11 | . 14 14 11 8 Treads 24 | . 28 28 22 22 Device 10 | . 14 14 5 11 Storage 12 | . 14 14 11 11 Protection 1 | . . . 5 . Energy Gun 8 | . 21 14 7 . Energy Cannon 5 | . . . 6 11 Ballistic Gun 5 | . 4 . 5 11 Launcher 12 | . 2 7 20 11 Piercing Weapon 5 | . . 6 2 11 Peak Build Rating 22 | 9 9 13 20 22 Average Rating 14 | 5 8 10 16 20 On Entrance 9 | . 9 9 11 20 Naked Turns . | . . . . . Heaviest Build 33 | 12 21 22 33 31 Greatest Support 40 | 40 40 40 40 40 Greatest Overweight (x) 1 | 1 . . . . Average Overweight (x) . | . . . . . Largest Inventory Capacity 10 | 8 10 10 10 10 Average Capacity 9 | 6 9 10 10 10 Most Carried 10 | 4 9 10 10 10 Average Carried 8 | 1 7 9 9 9 Final Capacity 10 | 8 10 10 10 10 Final Carried 10 | 4 8 10 10 10 Class Distribution -------------------- 39% | Mutant 17% | Bomber 17% | Gunner 15% | Tank 5% | Scavenger-Bomber 5% | Skirmisher Dominant Class ---------------- Mutant | -10/Materials Mutant | -10/Mines Tank | -9/Materials Bomber | -9/Mines Resources | -11 -10 -10 -9 -9 ----------- Run | Yrd Mat Min Mat Min Matter Collected 717 | 285 68 45 209 110 Remotely . | . . . . . Salvage Created 1189 | 115 335 212 384 143 Parts 104 | 7 26 15 38 18 Haulers Intercepted 3 | . 1 . 2 . Recyclers Shooed 2 | . . 1 1 . Parts Field Recycled . | . . . . . Retrieved Matter . | . . . . . Parts Self-Destructed . | . . . . . Prevented . | . . . . . Kills | -11 -10 -10 -9 -9 ------- Run | Yrd Mat Min Mat Min Combat Hostiles Destroyed 29 | . 9 7 10 3 Melee 7 | . . 4 . 3 Guns 9 | . 4 1 4 . Cannons 1 | . . . 1 . AOE 12 | . 5 2 5 . Classes Destroyed 9 | 2 4 . 3 . Worker 5 | . 2 1 2 . Tunneler 3 | 1 . . . 2 Hauler 3 | . 1 . 2 . Recycler 3 | 1 1 . 1 . Operator 1 | . . . 1 . Watcher 1 | . . . 1 . Swarmer 14 | . 6 3 5 . Grunt 14 | . 3 4 4 3 Sentry 1 | . . . 1 . Best Kill Streak 8 | 1 8 4 8 3 Combat Bots Only 6 | . 6 3 5 3 Max Kills in Single Turn 7 | 1 4 2 7 1 Gunslinging . | . . . . . Exploded 4 | . 2 2 4 . Melee 1 | . . 1 . 1 Uniques/NPCs Destroyed . | . . . . . Combat | -11 -10 -10 -9 -9 -------- Run | Yrd Mat Min Mat Min Hostile Shots Fired 96 | . 37 25 20 14 Missed 27 | . 11 6 6 4 Damage Taken 748 | . 257 207 162 122 Core 61 | . 8 11 21 21 Absorbed by Shields . | . . . . . Core Remaining (%) 96 | 100 . 92 . . Volleys Fired 33 | 5 15 3 10 . Largest 4 | 2 2 2 4 . Hottest 183 | 60 90 83 183 . Shots Fired 76 | 10 30 6 30 . Gun 49 | 10 26 3 10 . Cannon 10 | . . . 10 . Launcher 17 | . 4 3 10 . Special . | . . . . . Kinetic 11 | 5 3 . 3 . Thermal 30 | . 10 3 17 . Explosive 17 | . 4 3 10 . Electromagnetic 18 | 5 13 . . . Robot Hit Streak 6 | 2 5 1 6 . Robot Miss Streak 4 | 4 2 4 3 . Penetration Max . | . . . . . Secondary Targets 1 | . 1 . . . Max Gunslinging Chain 1 | . 1 . . . Shots Hit Robots 59 | 4 17 8 16 14 Core Hits 61 | 3 19 10 24 5 Critical Kills . | . . . . . Critical Parts Destroyed . | . . . . . Critical Strikes 4 | . 1 1 1 1 Burn 2 | . 1 1 . . Impale 2 | . . . 1 1 Melee Attacks 32 | . . 8 7 17 Impact . | . . . . . Slashing . | . . . . . Piercing 32 | . . 8 7 17 Sneak Attacks 4 | . . . 2 2 Combat Hostiles . | . . . . . Follow-up Attacks . | . . . . . Damage Inflicted 2421 | 56 486 381 1046 452 Guns 340 | 56 173 24 87 . Cannons 91 | . . . 91 . Explosions 1140 | . 313 173 654 . Melee 850 | . . 184 214 452 Ramming . | . . . . . Kinetic 38 | 13 9 . 16 . Thermal 224 | . 38 24 162 . Explosive 1140 | . 313 173 654 . Electromagnetic 169 | 43 126 . . . Impact . | . . . . . Slashing . | . . . . . Piercing 850 | . . 184 214 452 Highest Corruption . | . . . . . Average Corruption . | . . . . . Corruption Purged . | . . . . . Corruption Blocked . | . . . . . Overload Shots . | . . . . . Overflow Damage 85 | . 3 23 43 16 Projectiles . | . . . . . Explosions 47 | . 3 23 21 . Melee 38 | . . . 22 16 Knockbacks . | . . . . . Impact . | . . . . . Kinetic . | . . . . . Secondary . | . . . . . Self-Inflicted Damage 9 | . . 9 . . Shots 1 | . . 1 . . Rammed . | . . . . . Targets Rammed . | . . . . . Kicked . | . . . . . Crushed . | . . . . . Highest Temperature 234 | 40 234 63 166 . Average Temperature 54 | 20 69 32 50 . Received Heat Transfer 255 | . 54 72 63 66 Siege Activations . | . . . . . Robots Corrupted . | . . . . . Combat Hostiles . | . . . . . Parts Fried . | . . . . . Impact Corruptions . | . . . . . Robots Melted . | . . . . . Combat Hostiles . | . . . . . Parts Melted 4 | . 2 1 1 . Heat Transferred 666 | . 185 148 333 . Parts Sabotaged . | . . . . . Parts Stolen . | . . . . . Parts Stripped . | . . . . . Power Chain Reactions . | . . . . . Alert | -11 -10 -10 -9 -9 ------- Run | Yrd Mat Min Mat Min Peak Influence 578 | 10 353 263 578 182 Initial 172 | . 6 137 60 172 Average 200 | 4 119 132 373 126 Maximum Alert Level 2 | . 1 1 2 . Low Security (%) 68 | 100 86 89 16 100 Level 1 18 | . 13 10 45 . Level 2 12 | . . . 37 . Level 3 . | . . . . . Level 4 . | . . . . . Level 5 . | . . . . . High Security . | . . . . . Max Security . | . . . . . Squads Dispatched 4 | . 1 1 2 . Investigation 2 | . . 1 1 . Extermination . | . . . . . Reinforcement 2 | . 1 . 1 . Assault . | . . . . . Garrison . | . . . . . Intercept . | . . . . . Searches Triggered . | . . . . . Construction Impeded . | . . . . . Haulers Reinforced . | . . . . . Active Scanning Responses . | . . . . . Cargo Convoy Interrupts . | . . . . . Stealth | -11 -10 -10 -9 -9 --------- Run | Yrd Mat Min Mat Min Distress Signals 2 | . 1 . 1 . Communications Jammed . | . . . . . Distress Signals . | . . . . . Times Spotted 47 | . 14 8 22 3 Peak Tracking Total 7 | . 4 3 7 3 Tactical Retreats . | . . . . . Traps | -11 -10 -10 -9 -9 ------- Run | Yrd Mat Min Mat Min Traps Triggered . | . . . . . Indirectly . | . . . . . Trap Hack Attempts . | . . . . . Triggered . | . . . . . Disarmed . | . . . . . Reprogrammed . | . . . . . Reused . | . . . . . Traps Extracted . | . . . . . Installed . | . . . . . Triggered . | . . . . . Most Traps Carried 1 | . . 1 1 . Machines | -11 -10 -10 -9 -9 ---------- Run | Yrd Mat Min Mat Min Machines Disabled 2 | . . . 2 . Max in Single Turn 1 | . . . 1 . Machines Repaired . | . . . . . Machines Dismantled . | . . . . . Machines Sabotaged . | . . . . . Overloaded Fab Kills . | . . . . . Hacking | -11 -10 -10 -9 -9 --------- Run | Yrd Mat Min Mat Min Machines Accessed 7 | . 2 1 2 2 Terminals 6 | . 2 1 2 1 Fabricators . | . . . . . Repair Stations . | . . . . . Recycling Units . | . . . . . Scanalyzers . | . . . . . Garrison Access . | . . . . . Total Hacks 17 | . 4 3 6 4 Successful 5 | . 2 1 . 2 Failed 12 | . 2 2 6 2 Catastrophic 6 | . . 1 4 1 Database Lockouts . | . . . . . Manual 10 | . 1 2 6 1 Terminals 16 | . 4 3 6 3 Fabricators . | . . . . . Repair Stations . | . . . . . Recycling Units . | . . . . . Scanalyzers . | . . . . . Garrison Access . | . . . . . Terminal Hacks 5 | . 2 1 . 2 Prototype ID Bank 1 | . 1 . . . Open Door 1 | . . . . 1 Dispatch Records 1 | . . 1 . . Zone Layout 2 | . 1 . . 1 Fabricator Hacks . | . . . . . Repair Station Hacks . | . . . . . Recycling Unit Hacks . | . . . . . Scanalyzer . | . . . . . Garrison Access Hacks . | . . . . . Unauthorized Hacks . | . . . . . Terminals . | . . . . . Fabricators . | . . . . . Repair Stations . | . . . . . Recycling Units . | . . . . . Scanalyzers . | . . . . . Garrison Access . | . . . . . Data Cores Recovered . | . . . . . Used . | . . . . . Hacking Detections 6 | . 2 1 2 1 Full Trace Events 2 | . . 1 1 . Feedback Events . | . . . . . Feedback Blocked . | . . . . . Robot Schematics Acquired . | . . . . . Robots Built . | . . . . . Authchips . | . . . . . Time . | . . . . . Total Robot Build Rating . | . . . . . Part Schematics Acquired . | . . . . . Parts Built . | . . . . . Authchips . | . . . . . Time . | . . . . . Total Part Build Rating . | . . . . . Parts Repaired . | . . . . . Time . | . . . . . Parts Recycled . | . . . . . Recycled Matter . | . . . . . Retrieved Matter . | . . . . . Retrieved Components . | . . . . . Parts Scanalyzed . | . . . . . Part Schematics Acquired . | . . . . . Parts Damaged . | . . . . . Bothacking | -11 -10 -10 -9 -9 ------------ Run | Yrd Mat Min Mat Min Used RIF Installer . | . . . . . Robots Hacked . | . . . . . Non-combat . | . . . . . Combat . | . . . . . Robot Hacks Applied . | . . . . . Relay Couplers Released . | . . . . . Fabnet Peak Effective % . | . . . . . Robots Rewired . | . . . . . Allies Hacked . | . . . . . Hacks Repelled . | . . . . . Allies | -11 -10 -10 -9 -9 -------- Run | Yrd Mat Min Mat Min Total Allies 5 | . . 3 . 2 Largest Group 3 | . . 3 2 3 Highest-Rated Group 69 | . . 40 32 69 Highest-Rated Ally 31 | . . 16 16 31 Total Orders . | . . . . . Ally Attacks 62 | . . 9 50 3 Total Damage 619 | . . 122 497 . Kills 13 | . . 1 12 . Allies Corrupted . | . . . . . Allies Melted . | . . . . . Intel | -11 -10 -10 -9 -9 ------- Run | Yrd Mat Min Mat Min Robot Analysis Total . | . . . . . Derelict Logs Recovered 4 | . . 2 . 2 Drone Launches . | . . . . . Drone Recoveries . | . . . . . Exploration | -11 -10 -10 -9 -9 ------------- Run | Yrd Mat Min Mat Min Turns Passed 2498 | 126 319 553 806 694 Spaces Moved 1393 | 59 165 309 452 408 Core 12 | 12 . . . . Treads 1381 | 47 165 309 452 408 Legs . | . . . . . Wheels . | . . . . . Hover . | . . . . . Flight . | . . . . . Fastest Speed 50 | 50 160 160 160 160 Average Speed 159 | 144 160 160 160 160 Slowest Speed 160 | 160 160 160 160 160 Overloaded Moves . | . . . . . Propulsion Burnouts . | . . . . . Robots Hopped . | . . . . . Cave-ins Triggered . | . . . . . Exploration Rate (%) 43 | 4 41 69 35 68 Regions Visited 4 Branch Regions 2 Pre-discovered Areas 2 | . . 2 . . Known Exits Taken . | . . . . . Unknown Exits Taken 4 | 1 1 1 1 . Scrap Searched 1 | . . 1 . . Spaces Dug . | . . . . . Terrain Destroyed 118 | . 19 10 89 . Melee . | . . . . . Projectile 1 | . . . 1 . AOE 117 | . 19 10 88 . Terrain Rammed . | . . . . . Walls Destroyed . | . . . . . Machines Disabled . | . . . . . Actions | -11 -10 -10 -9 -9 --------- Run | Yrd Mat Min Mat Min Total 1571 | 87 189 355 508 432 Wait 37 | 12 . 23 1 1 Move 1389 | 58 164 308 451 408 Hop . | . . . . . Pick Up 25 | 4 4 6 9 2 Fast Attach 11 | 7 . . 4 . Attach 5 | . 1 1 3 . Detach 2 | . . . 2 . Swap 16 | 1 4 2 8 1 Drop 21 | . 1 4 13 3 Fire 33 | 5 15 3 10 . Melee 32 | . . 8 7 17 Ram . | . . . . . Kick . | . . . . . Crush . | . . . . . Escape Stasis . | . . . . . Rewire . | . . . . . Trap . | . . . . . Miscellaneous . | . . . . . Route ------- -11/Scrapyard -10/Materials -10/Mines (discovered 2 exits: *Mat x2) -9/Materials -9/Mines (discovered 3 exits: *Mat x2 / [*Zio]) History --------- Turn | Location | Event 12 | -11/Scrapyard | Discovered new exit (range 14) 127 | -11/Scrapyard | Entered Materials 276 | -10/Materials | Discovered new exit (range 7) 310 | -10/Materials | Build established: Mutant 446 | -10/Materials | Entered Mines 474 | -10/Mines | Found a hidden stash of uninstalled traps 494 | -10/Mines | Learned location of Zion (-7) 536 | -10/Mines | Learned location of Storage (-7) 652 | -10/Mines | Assisted by bots powering up and referring to "LRC-V3" 704 | -10/Mines | A weapon hastily lodged in a ceiling crevice suddenly fell to the ground 805 | -10/Mines | Discovered new exit (range 8) 880 | -10/Mines | Received a Rocket Launcher from a helpful Derelict 970 | -10/Mines | Discovered new exit (range 10) 999 | -10/Mines | Entered Materials 999 | -9/Materials | Accompanied by 2 allies 999 | -9/Materials | Evolved 2 slots: Weapon x2 1411 | -9/Materials | Build established: Tank 1779 | -9/Materials | Build established: Gunner 1786 | -9/Materials | Discovered new exit (range 8) 1805 | -9/Materials | Entered Mines 1805 | -9/Mines | Accompanied by 1 ally 1815 | -9/Mines | Met a Derelict bent on vengeance 1825 | -9/Mines | Identified exit to Materials 1890 | -9/Mines | A Derelict revealed a hidden shortcut to a safe place 2009 | -9/Mines | Discovered exit to Materials (range 15) 2033 | -9/Mines | Learned location of 1 exit from Materials 2197 | -9/Mines | Build established: Bomber 2486 | -9/Mines | Met a Derelict who couldn't figure out how to use a Trap Extractor 2499 | -9/Mines | Self-destructed Last Messages --------------- 02334_ Dropped Ion Engine. 02337_ Connecting with Terminal... 02337_ Current location identified: Mines >>Layout(Zone) Retrieving Zone 8T layout... Downloaded map data. 02349_ Acquired 10 matter. 02485_ Connecting with SHOP.Sys... >>Open Door Sealed Doors opened. 02486_ 8Z-1W5(g): "So I found this thing but I have no idea how to use it. And who the hell trapped this place to begin with?!" 02486_ 8Z-1W5(g): "I give up! Here you try, I'm outta here before something nasty happens..." 02486_ Tosses Imp. Trap Extractor to the ground. 02486_ Dropped Adv. Weight Redist. System. 02491_ Acquired Remote Datajack. 02494_ Dropped Hrd. Light Armor Plating. 02498_ Acquired Imp. Medium Armor Plating. Map ----- +----------------------------------------------------+ | ???## #????????# #### #????? | | ????###?????????# #??# #????? | | ????????????????# #??# ????? | | ???????##???????# #?? ???? | | ??????## ####??## #?? ??? | | ??????# #### #### ??? | | ??????# + ### ?? | | ??????# + > #?# ##? | | ???#### # #??#?#?? | | ??## ####### #??????? | | ??# ## ##?????? | | ??# ####### | | ??## ## | | ???## ##### ####### | | ????## ##???## #?????? | | ?????#####?????## #?????? | | ????????????????## #?????# | | ?????????????????### ##????## | | ???????????###??#### ######## | | ??????????# ##?# | | ?####?#### ### ## | | ?#"g### ## #### ####### | | ?#"/ =#X ## #??# #?????? | | ?#"!^ ! #?# #??# #?????? | | ?#"!!g ###?# #??# ?????? | | ?#"* @# ##???# #??###?????# | | ?#"=### ##???# #??????????# | | ?##### ##??# #??????????# | | ?????## ##?# #??????????# | | ??????### ### #??????????? | | ????????## #??????????? | | ?????????# ####??????????? | | ?????????# ##?????????????? | | ?????????## ###??????????????? | | ??????????###????????????????? | | ?????????????????????????????? | | ?????????????????????????????? | | ?????????????????????????????? | | ?????????????????????????????? | | ?????????????????????????????? | | ?????????????????????????????? | | ?????????????????????????????? | | ?????????????????????????????? | | ?????????????????????????????? | | ?????????????????????????????? | | ?????????????????????????????? | | ?????????????????????????????? | | ?????????????????????????????? | | ?????????????????????????????? | | ?????????????????????????????? | +----------------------------------------------------+ Best States ------------- Heat Dissipation 42 Energy Generation 14 Energy Capacity 250 Matter Stores 300 Matter Capacity 300 Sight Range 16 Terrain Scan Range 16 Terrain Scan Density 10 Armor Coverage 150 Evasion (%) 40 Recoil Reduction 2 Item Schematics ----------------- None Robot Schematics ------------------ None Fabricated ------------ Nothing Alien Tech Used ----------------- None Achievements -------------- None Challenges ------------ None Game ------ Seed BiocellFusionCyclogen Manual? 0 Play Time 00:25:38 Cumulative 27.0 hours Start 2024.08.16 @ 17:32:47 End 2024.08.16 @ 22:50:22 Sessions 1 Manual Loads 0 Difficulty Rogue Special Mode None Game No. 38 Rogue 38 Adventurer 0 Explorer 0 Win Type - Total 0 Types 0/0/0/0/0/0/0/0/0 Lore% 8 Gallery% 19 Achievement% 16 Wizard Run 0 Options --------- Layout 1 ASCII 0 Keyboard 0 Movement Numpad Keybinds 0 Fullscreen 1 Font 32/SmallcapsGlow Map View 50x40 Zoom Use 6% Tactical HUD 1 Map Filters NONE Filters NONE Steam 1 RUN: 45f841b6-e39e-4504-a91e-d6581bedb408